 Dungeon Crawl Stone Soup version 0.25-b1-23-ge2ad7d536c (webtiles) character file.

Game seed: 3368559263611625218, levelgen mode: deterministic

75 lepoulpe303 the Shooter (level 4, -3/23 HPs)
             Began as a Spriggan Hunter on May 30, 2020.
             Shot with an arrow by a centaur (12 damage)
             ... on level 3 of the Dungeon.
             The game lasted 00:06:02 (1799 turns).

lepoulpe303 the Shooter (Spriggan Hunter)           Turns: 1799, Time: 00:06:02

Health: -3/23      AC:  2    Str:  9    XL:     4   Next: 11%
Magic:  5/5        EV: 19    Int: 12    God:
Gold:   153        SH:  0    Dex: 16    Spells: 3/3 levels left

rFire    . . .     SeeInvis +   b - +1 shortbow
rCold    . . .     Gourm    .   (shield currently unavailable)
rNeg     . . .     Faith    .   p - +0 robe
rPois    .         Spirit   .   (helmet restricted)
rElec    .         Reflect  .   (no cloak)
rCorr    .         Harm     .   (gloves unavailable)
MR       .....                  (boots unavailable)
Stlth    ++........             R - amulet of regeneration
HPRegen  0.47/turn              (no ring)
MPRegen  0.09/turn              (no ring)

@: very quick
A: very small, unfitting armour, see invisible, herbivore, speed 3, slow
metabolism 2
a: no special abilities


You were on level 3 of the Dungeon.
You were not hungry.

You visited 1 branch of the dungeon, and saw 3 of its levels.

You collected 153 gold pieces.

Inventory:

Hand Weapons
 a - a +0 short sword
 b - a +1 shortbow (weapon)
 c - a +1 dagger of holy wrath
Missiles
 d - 10 boomerangs
 Q - 28 arrows (quivered)
Armour
 p - a +0 robe (worn)
Jewellery
 R - an amulet of regeneration (around neck)
Scrolls
 h - a scroll of magic mapping {unknown}
 i - 4 scrolls of identify
 j - 3 scrolls of teleportation {unknown}
 l - a scroll of amnesia {unknown}
 m - a scroll of fear {unknown}
 n - 2 scrolls of remove curse {unknown}
Potions
 f - a potion of invisibility {unknown}
 g - a potion of curing {unknown}
 k - a potion of brilliance {unknown}
 o - a potion of haste {unknown}
Comestibles
 e - 3 rations


   Skills:
 * Level 2.3 Fighting
 + Level 1.3 Short Blades
 * Level 5.4 Bows
 + Level 3.7 Dodging
 + Level 2.7 Stealth


You had 3 spell levels left.
You didn't know any spells.
Your spell library was empty.

Dungeon Overview and Level Annotations

Branches:
Dungeon (3/15)

Altars:
Cheibriados


Innate Abilities, Weirdness & Mutations

You are very small and have problems with some larger weapons.
You are too small for most types of armour.
You have supernaturally acute eyesight. (SInv)
You are a herbivore.
You cover ground extremely quickly.
You need to consume almost no food.


Message History

The centaur shoots an arrow.
The arrow completely misses you.
The centaur shoots an arrow.
The arrow closely misses you.
Firing (i - inventory)
Q - 30 arrows (quivered)
Aim: a centaur, wielding a +0 shortbow and quivering 26 arrows (lightly wounded)
You shoot an arrow. The arrow hits the centaur!
The centaur shoots an arrow.
The arrow hits you!
You take 9 damage, and have 14/23 hp.
MASSIVE DAMAGE!!
Firing (i - inventory)
Q - 29 arrows (quivered)
Aim: a centaur, wielding a +0 shortbow and quivering 25 arrows (heavily wounded)
You shoot an arrow.
The arrow hits the centaur but does no damage.
The centaur shoots an arrow.
The arrow closely misses you.
The centaur shoots an arrow.
The arrow hits you!
* * * LOW HITPOINT WARNING * * *
You take 8 damage, and have 6/23 hp.
MASSIVE DAMAGE!!
The centaur shoots an arrow.
The arrow hits you!
Ouch! That really hurt!
You die...

#.# #.# #.# #.#
#.# #.# #.#
#.#############
#(....@.......#
#############c#
#(# #.....c.#
#########


You could see a centaur.

Levels and vault maps discovered:
D:1:      dpeg_arrival_ternary, layout_basic
D:2:      layout_rooms, old_standard_altar, fountainhead
D:3:      layout_loops_ring, lemuel_crystal_altar, lemuel_doored_altar,
          first_ration

Notes
Turn   | Place    | Note
-------+----------+-------------------------------------------
     0 | D:1      | lepoulpe303 the Spriggan Hunter began the quest for the
                  | Orb.
     0 | D:1      | Reached XP level 1. HP: 10/10 MP: 2/2
    18 | D:1      | Identified a +0 short sword
    60 | D:1      | Identified a +0 short sword
    65 | D:1      | Identified a +0 club
   210 | D:1      | Identified a +1 shortbow
   212 | D:1      | Reached skill level 5 in Bows
   212 | D:1      | Reached XP level 2. HP: 15/15 MP: 3/3
   320 | D:1      | Reached skill level 2 in Stealth
   560 | D:1      | Identified a +0 dagger
   950 | D:2      | Identified a +0 club
   955 | D:2      | Reached skill level 2 in Fighting
  1092 | D:2      | Identified 4 scrolls of identify
  1092 | D:2      | Identified an amulet of regeneration (You found it on level
                  | 2 of the Dungeon)
  1121 | D:2      | Found a snail-covered altar of Cheibriados.
  1137 | D:2      | lepoulpe303: !whichgod sphu
  1137 | D:2      | meem: 17 recent wins for sphu: 10x Okawaru, 2x Dithmenos,
                  | 2x Elyvilon, 2x Gozag, Ashenzari
  1238 | D:2      | Reached XP level 3. HP: 15/18 MP: 4/4
  1503 | D:3      | Identified a +0 club
  1520 | D:3      | Identified a +1 dagger of holy wrath
  1543 | D:3      | Reached skill level 1 in Short Blades
  1566 | D:3      | Identified a cursed -3 whip
  1640 | D:3      | Identified a +0 scale mail
  1641 | D:3      | Identified a +0 trident
  1642 | D:3      | Identified a +0 dagger
  1643 | D:3      | Identified a +0 dagger
  1643 | D:3      | Identified a +0 robe
  1643 | D:3      | Identified a +0 trident
  1718 | D:3      | Reached XP level 4. HP: 23/23 MP: 5/5
  1786 | D:3      | Identified a +0 shortbow
  1786 | D:3      | Noticed a centaur
  1799 | D:3      | Shot with an arrow by a centaur

Table legend:
 A = Turns spent in this place as a percentage of turns spent in the entire game.
 B = Non-inter-level travel turns spent in this place as a percentage of non-inter-level travel turns spent in the entire game.
 C = Inter-level travel turns spent in this place as a percentage of turns spent in this place.
 D = Turns resting spent in this place as a percentage of non-inter-level travel turns spent in this place.
 E = Turns spent auto-exploring this place as a percentage of non-inter-level travel turns spent in this place.
 F = Non-inter-level travel turns spent in this place divided by the number of levels of this place that you've seen.
                   A       B       C       D       E      F
               +-------+-------+-------+-------+-------+----------------------
         Total | 100.0 | 100.0 |   2.1 |   8.9 |  69.1 | 587.0
       Dungeon | 100.0 | 100.0 |   2.1 |   8.9 |  69.1 | 587.0
               +-------+-------+-------+-------+-------+----------------------

Table legend:
 A = Kills in this place as a percentage of kills in entire the game.
 B = Kills by you in this place as a percentage of kills by you in the entire game.
 C = Kills by friends in this place as a percentage of kills by friends in the entire game.
 D = Other kills in this place as a percentage of other kills in the entire game.
 E = Experience gained in this place as a percentage of experience gained in the entire game.
 F = Experience gained in this place divided by the number of levels of this place that you have seen.
                   A       B       C       D       E      F
               +-------+-------+-------+-------+-------+----------------------
         Total | 100.0 | 100.0 |   N/A |   N/A | 100.0 |  36.0
       Dungeon | 100.0 | 100.0 |   N/A |   N/A | 100.0 |  36.0
               +-------+-------+-------+-------+-------+----------------------

Skill      XL: |  1  2  3 |
---------------+----------+-----
Bows           | 5 |  5.4
Stealth        | 2 |  2.7
Fighting       | 2 |  2.3
Short Blades   | 1 |  1.3
Dodging        | |  3.7

Action                   |  1- 3 |  4- 6 || total
-------------------------+-------+-------++-------
Melee: Short sword       |    69 |       ||    69
 Fire: Shortbow          |    47 |     6 ||    53
  Use: Scroll            |     1 |       ||     1
 Stab: Sleeping          |     2 |       ||     2
Armor: Robe              |     9 |       ||     9
Dodge: Dodged            |    57 |     4 ||    61

Vanquished Creatures
  An orc wizard (D:3)
  An adder (D:2)
  An ooze (D:1)
  2 worms (D:3)
  4 orcs (D:3)
  2 ball pythons
  2 bats (D:2)
  2 giant cockroaches (D:1)
  4 goblins
  A quokka (D:3)
  2 frilled lizards
  3 kobolds
  6 rats
31 creatures vanquished.
